 Dungeon Crawl Stone Soup version 0.25-a0-583-g696c2ac64d (webtiles) character file.

Game seed: 5457735305790060726, levelgen mode: deterministic

25 Flugslaktarn the Covered (level 2, -1/27 HPs)
             Began as a Deep Dwarf Fighter on Mar 9, 2020.
             Killed by divine providence
             ... invoked by an orc priest
              (11 damage)
             ... on level 3 of the Dungeon.
             The game lasted 00:00:16 (354 turns).

Flugslaktarn the Covered (Deep Dwarf Fighter)        Turns: 354, Time: 00:00:17

Health: -1/27      AC:  8    Str: 19    XL:     2   Next: 86%
Magic:  2/2        EV:  8    Int:  8    God:
Gold:   6          SH:  9    Dex: 12    Spells: 1/1 levels left

rFire    . . .     SeeInvis .   a - +0 war axe
rCold    . . .     Gourm    .   c - +0 kite shield
rNeg     . . .     Faith    .   b - +0 scale mail
rPois    .         Spirit   .   g - +0 helmet
rElec    .         Reflect  .   (no cloak)
rCorr    .         Harm     .   (no gloves)
MR       .....                  (no boots)
Stlth    ..........             (no amulet)
HPRegen  0.00/turn              v - +1 ring of evasion
MPRegen  0.08/turn              (no ring)

@: non-regenerating
A: damage resistance, heal wounds, sense surroundings 1, no regeneration
a: Heal Wounds


You were on level 3 of the Dungeon.
You were not hungry.

You visited 1 branch of the dungeon, and saw 3 of its levels.

You collected 6 gold pieces.

Inventory:

Hand Weapons
 a - a +0 war axe (weapon)
Armour
 b - a +0 scale mail (worn)
 c - a +0 kite shield (worn)
 g - a +0 helmet (worn)
   (You found it on level 1 of the Dungeon)
Jewellery
 v - a +1 ring of evasion (left hand)
   (You found it on level 2 of the Dungeon)
Scrolls
 i - a scroll of amnesia {unknown}
 k - 3 scrolls of enchant weapon {unknown}
Potions
 d - a potion of might
 h - a potion of heal wounds {unknown}
 j - a potion of curing {unknown}
Comestibles
 e - a ration
 f - 7 chunks of flesh


   Skills:
 + Level 2.9 Fighting
 * Level 2.9 Axes
 + Level 3.5 Armour
 + Level 3.5 Shields


You had one spell level left.
You didn't know any spells.
Your spell library was empty.

Dungeon Overview and Level Annotations

Branches:
Dungeon (3/15)

Altars:


Innate Abilities, Weirdness & Mutations

You are resistant to damage.
You can heal yourself by infusing magical energy.
You passively map a small area around you.
You do not regenerate.


Message History

Things that are here:
a +0 flail; a +0 ring mail You closely miss the orc.
The orc hits you with a +0 hand axe.
You hit the orc but do no damage. You hit the orc.
The orc hits you with a +0 hand axe. You block the orc's attack.
The orc priest hits you but does no damage.
The orc barely misses you.
You hit the orc.
The orc is heavily wounded.
You hit the orc priest. You hit the orc. The orc closely misses you.
The orc misses you.
The orc priest hits you but does no damage.
You closely miss the orc.
The orc is heavily wounded.
You closely miss the orc. You hit the orc priest.
The orc hits you with a +1 vorpal flail.
You block the orc's attack.
The orc priest invokes the aid of Beogh against you.
Beogh smites you!
You die...

, ######.#... ,
* * #.........
,, #........# ..
,
,#........###..
*
#.......<.....,
,
#.............*
**
#....ooo......
**
#.....@..###.#
####.#)%...... *
#,#†......> , #
#.#####.#.# *
##.#.## * #.# *
#.....####....,
*
###.###.........
* .. #.######.#*
###.###)# #.#


You could see an orc priest and 2 orcs.

Vanquished Creatures
  An adder (D:2)
  2 orcs (D:3)
  A giant cockroach (D:1)
  A goblin (D:3)
  2 hobgoblins (D:3)
  3 jackals (D:1)
  2 bats (D:1)
  2 frilled lizards (D:1)
14 creatures vanquished.

Notes
Turn   | Place    | Note
-------+----------+-------------------------------------------
     0 | D:1      | Flugslaktarn the Deep Dwarf Fighter began the quest for the
                  | Orb.
     0 | D:1      | Reached XP level 1. HP: 20/20 MP: 1/1
   237 | D:1      | Reached XP level 2. HP: 22/27 MP: 2/2
   354 | D:3      | Killed from afar by an orc priest

Levels and vault maps discovered:
D:1:      mrwooster_arrival_statue_3, layout_loops_cross
D:2:      layout_rooms, uniq_sigmund
D:3:      layout_loops_ring, first_ration, uniq_jessica

Action                   || total
-------------------------++-------
Melee: War axe           ||    41
Armor: Scale mail        ||    33
Dodge: Dodged            ||    21
Block: Kite shield       ||    28

Table legend:
 A = Non-vault XP
 B = Vault XP
 C = Vault XP percentage of total XP
 D = Non-vault monster count
 E = Vault monster count
 F = Vault count percentage of total count
                 A         B        C        D         E       F
            +---------+---------+-------+---------+---------+-------
      Total |      37 |       0 |   0.0 |      14 |       0 |   0.0
            +---------+---------+-------+---------+---------+-------
        D:1 |      12 |       0 |   0.0 |       8 |       0 |   0.0
        D:2 |      13 |       0 |   0.0 |       1 |       0 |   0.0
        D:3 |      12 |       0 |   0.0 |       5 |       0 |   0.0
            +---------+---------+-------+---------+---------+-------
